 Dungeon Crawl Stone Soup version 0.29.1-15-g9cfb28693d (webtiles) character file.

Game seed: 5573492659160156148

56 Kranky the Ducker (level 3, -2/24 HPs)
             Began as an Octopode Transmuter on Mar 22, 2023.
             Slain by a quokka (5 damage)
             ... on level 3 of the Dungeon.
             The game lasted 00:06:17 (2724 turns).

Kranky the Ducker (Octopode Transmuter)             Turns: 2724, Time: 00:06:17

Health: -2/24      AC:  1    Str:  9    XL:     3   Next: 97%
Magic:  6/6        EV: 14    Int: 17    God:
Gold:   118        SH:  0    Dex: 12    Spells: 5/6 levels left

rFire   . . .      SeeInvis .     - Unarmed
rCold   . . .      Faith    .   (no shield)
rNeg    . . .      Spirit   .   (helmet restricted)
rPois   .          Reflect  .   (no amulet)
rElec   .          Harm     .   (no ring)
rCorr   .          Rampage  .   (no ring)
Will    .....                   (no ring)
Stlth   ++........              (no ring)
HPRegen 0.08/turn               (no ring)
MPRegen 0.10/turn               (no ring)
                                (no ring)
                                (no ring)

@: no status effects
A: almost no armour, amphibious, 8 rings, camouflage 1, gelatinous body 1,
(nimble swimmer 1), tentacles
a: no special abilities


You were on level 3 of the Dungeon.
You visited 1 branch of the dungeon, and saw 3 of its levels.

You collected 140 gold pieces.
You spent 22 gold pieces at shops.

Inventory:

Missiles
 d - 4 poisoned darts
Scrolls
 b - 2 scrolls of identify
 g - a scroll of summoning {unknown}
 j - a scroll of teleportation {unknown}
 k - a scroll of acquirement {unknown}
Potions
 a - 3 potions of lignification
 c - a potion of brilliance {unknown}
 e - 3 potions of curing {unknown}
 f - a potion of might {unknown}
 h - a potion of berserk rage {unknown}
 i - a potion of resistance {unknown}
 l - 2 potions of heal wounds {unknown}


   Skills:
 + Level 1.9 Fighting
 + Level 3.7 Dodging
 - Level 3.0 Unarmed Combat
 - Level 2.0 Spellcasting
 - Level 2.0 Transmutations


You had 5 spell levels left.
You knew the following spells:

 Your Spells              Type           Power      Damage    Failure   Level
a - Beastly Appendage     Tmut           16%        N/A       9%          1

Your spell library contained the following spells:

 Spells                   Type           Power      Damage    Failure   Level
 Wereblood                Tmut           8%         N/A       13%         2
 Magic Dart               Conj           4%         1d3       19%         1
 Call Imp                 Summ           1%         N/A       28%         2
 Ensorcelled Hibernation  Hex/Ice        2%         N/A       28%         2
 Spider Form              Tmut/Pois      5%         N/A       36%         3
 Mephitic Cloud           Conj/Pois/Air  1%         N/A       50%         3
 Ice Form                 Ice/Tmut       5%         N/A       77%         4
 Anguish                  Hex/Necr       0%         N/A       88%         4


Dungeon Overview and Level Annotations

Branches:
Dungeon (3/15)

Altars:

Shops:
D:2 (:[**


Innate Abilities, Weirdness & Mutations

You cannot wear most types of armour.
You are amphibious.
You can wear up to eight rings at the same time.
Your skin changes colour to match your surroundings (Stealth+).
Your rubbery body absorbs attacks. (AC +1, EV +1)
((You are camouflaged when in or above water. (Stealth+)))
You have tentacles for arms and can constrict up to eight enemies at once.


Message History

A goblin comes into view. It is wielding a +0 dagger.
The goblin shouts!
The goblin hits you with a +0 dagger.
You barely miss the goblin. You grab the goblin. You constrict the goblin.
The goblin hits you with a +0 dagger.
You tentacle-slap the goblin but do no damage.
The goblin is moderately wounded.
You constrict the goblin. The goblin hits you but does no damage.
You tentacle-slap the goblin.
The goblin is severely wounded.
You constrict the goblin.
You kill the goblin!
No target in view!
Done exploring.
Done exploring.
There is a stone staircase leading down here.
You climb downwards.
Found a scroll labelled HOUSAU JIMA and a scroll labelled FUIDEH PYBAECH.
Found a stone staircase leading down.
There is a stone staircase leading up here.
Found a cloak.
The endoplasm quivers.
A giant cockroach comes into view.
The endoplasm freezes you.
You are frozen.
You tentacle-slap the endoplasm but do no damage.
You closely miss the quokka. Your grab misses the quokka.
The endoplasm freezes you.
You are frozen.
The quokka bites you.
You are too injured to fight recklessly!
You are too injured to fight recklessly!
The endoplasm attacks as you move away! The endoplasm hits you.
The endoplasm attacks as you move away! The endoplasm hits you.
There is a stone staircase leading up here.
The quokka closely misses you. The endoplasm freezes you.
You are frozen.
* * * LOW HITPOINT WARNING * * *
The quokka bites you.
You die...

#......[..##
#..........
#??.......
#........
##.......
.......B♣
#......♣
#....Jr♣
#..>..@♣
####.#..♣
#.###.♣ #.
#.. # #.# .#
#


You could see an endoplasm, a quokka and a giant cockroach.

Vanquished Creatures
  2 worms (D:2)
  6 ball pythons
  6 bats
  3 endoplasms
  A giant cockroach (D:1)
  6 goblins
  4 hobgoblins
  6 kobolds
  2 quokkas
  6 frilled lizards
  8 rats
50 creatures vanquished.

Vanquished Creatures (others)
  2 demonic plants (D:1)
  4 fungi (D:1)
  4 plants (D:1)
10 creatures vanquished.

Grand Total: 60 creatures vanquished

Notes
Turn   | Place    | Note
-------+----------+-------------------------------------------
     0 | D:1      | Kranky the Octopode Transmuter began the quest for the Orb.
     0 | D:1      | Reached XP level 1. HP: 13/13 MP: 3/3
   414 | D:1      | Reached XP level 2. HP: 18/18 MP: 5/5
   554 | D:1      | Found a faded altar of an unknown god.
  1178 | D:1      | Reached XP level 3. HP: 19/23 MP: 6/6
  1445 | D:2      | Found Lotra's General Store.
  1449 | D:2      | Bought a scroll of identify for 22 gold pieces
  1583 | D:2      | Found Walont's Antique Armour Shop.
  1799 | D:2      | Found Coikk's Assorted Antiques.
  1894 | D:2      | Found Ykedaw's Book Boutique.
  2320 | D:2      | Found Teth's Weapon Shop.
  2724 | D:3      | Slain by a quokka

Illustrated notes

Levels and vault maps discovered:
D:1:      saegor_arrival_fortress, layout_basic, shapermc_ecumenical_altar_gd,
          hangedman_abyss_or_decor_stabs
D:2:      layout_basic, serial_shops, nicolae_shop_stone, shop,
          nicolae_shop_overgrown_old_shop, nicolae_shop_advertising_works
          [nicolae_subvault_shop_adworks], nicolae_shop_behind_doors,
          kennysheep_generic_room_14
D:3:      layout_rooms, nzn_hepliaklqana_mist_gate, serial_forest,
          infiniplex_forest_straight_3, infiniplex_forest_end_2,
          infiniplex_forest_zigzag_1, infiniplex_forest_clump_small,
          infiniplex_forest_lined_2, infiniplex_forest_join,
          infiniplex_forest_lined_3, uniq_sigmund

Skill      XL: |  1  2 |
---------------+-------+-----
Dodging        | 3 |  3.7
Fighting       | |  1.9
Unarmed Combat | |  3.0
Spellcasting   | |  2.0
Transmutations | |  2.0

Action                   || total
-------------------------++-------
Melee: Unarmed           ||   111
       Constrict         ||    32
       Kick              ||     2
       Tentacles         ||    23
       Punch             ||     2
 Cast: Beastly Appendage ||     3
 Stab: Sleeping          ||     5
Armor: Skin              ||     8
Dodge: Dodged            ||    64
